 Dungeon Crawl Stone Soup version 0.21.1-1-g345015fe64 (webtiles) character file.

11606 Gitz the Cleaver (level 11, 0/94 HPs)
             Began as a Demonspawn Berserker on Apr 24, 2018.
             Was a High Priest of Trog.
             Slain by a deep troll (12 damage)
             ... on level 10 of the Dungeon.
             The game lasted 00:28:28 (7411 turns).

Gitz the Cleaver (Demonspawn Berserker)             Turns: 7411, Time: 00:28:28

Health: 0/94       AC: 15    Str: 27    XL:     11   Next: 51%
Magic:  0/12       EV:  9    Int:  9    God:    Trog [*****.]
Gold:   597        SH:  0    Dex: 13    Spells: 10/10 levels left

rFire    . . .     SeeInvis .   L - +6 great sword of Fedhas {vamp, rC+ Str+2}
rCold    + + .     Gourm    .   (shield currently unavailable)
rNeg     . . .     Faith    .   y - +0 plate armour
rPois    .         Spirit   +   (helmet restricted)
rElec    .         Reflect  .   (no cloak)
rCorr    .         Harm     .   i - +0 pair of gloves (curse)
MR       +++++                  (boots unavailable)
Stlth    ..........             o - amulet of regeneration
HPRegen  1.65/turn              x - ring of protection from magic
MPRegen  0.13/turn              u - ring of protection from magic

@: mighty, berserk cooldown, regenerating
A: antennae 2, talons 3, cold resistance 1, high mp 1, magic resistance 1,
robust 1, magic shield
a: Berserk, Trog's Hand, Brothers in Arms, Burn Spellbooks, Renounce Religion


You were on level 10 of the Dungeon.
You worshipped Trog.
Trog was extremely pleased with you.
You were not hungry.

You visited 1 branch of the dungeon, and saw 10 of its levels.
You visited the Abyss 1 time.
You also visited: Ossuary.

You collected 867 gold pieces.
You spent 270 gold pieces at shops.

Inventory:

Hand Weapons
 a - a +0 hand axe
 q - a +2 hand axe of electrocution
 G - the +6 lajatang "Muomir" {freeze, rElec rPois rF+ Dex+3}
   (Trog gifted it to you on level 8 of the Dungeon)

   It has been specially enchanted to freeze those struck by it, causing extra
   injury to most foes and up to half again as much damage against particularly
   susceptible opponents.
   It can also slow down cold-blooded creatures.
   It affects your dexterity (+3).
   It protects you from fire.
   It insulates you from electricity.
   It protects you from poison.
 L - the +6 great sword of Fedhas (weapon) {vamp, rC+ Str+2}
   (You found it on level 8 of the Dungeon)

   It inflicts no extra harm, but heals its wielder when it wounds a living foe.
   It affects your strength (+2).
   It protects you from cold.
Armour
 i - a cursed +0 pair of gloves (worn)
 y - a +0 plate armour (worn)
 F - a +2 shield
Jewellery
 o - an amulet of regeneration (around neck)
 u - a ring of protection from magic (right hand)
 x - a ring of protection from magic (left hand)
 B - an uncursed ring of resist corrosion
Wands
 e - a wand of random effects (18)
 r - a wand of flame (34)
 t - a wand of paralysis (19)
 C - a wand of digging (15)
 O - a wand of scattershot (3)
Scrolls
 d - 5 scrolls of blinking
 f - a scroll of enchant weapon {unknown}
 g - 3 scrolls of teleportation
 w - 11 scrolls of identify
 z - 2 scrolls of remove curse
 E - 3 scrolls of holy word {unknown}
 H - 4 scrolls of enchant armour
 J - a scroll of noise {unknown}
 M - a scroll of silence {unknown}
Potions
 b - 4 potions of curing
 h - a potion of brilliance
 j - 2 potions of agility
 k - 3 potions of might
 l - 2 potions of cancellation
 m - a potion of haste {unknown}
 n - 2 potions of resistance
 p - 3 potions of heal wounds {unknown}
 s - a potion of ambrosia
 D - 2 potions of flight {unknown}
 I - a potion of invisibility {unknown}
 K - 2 potions of lignification {unknown}
 N - a potion of magic {unknown}
Comestibles
 c - 25 rations
 v - 11 chunks of flesh


   Skills:
 + Level 7.9 Fighting
 + Level 6.1 Long Blades
 + Level 10.3 Axes
 + Level 3.3 Staves
 + Level 9.2 Armour
 + Level 3.8 Dodging
 + Level 0.3 Shields


You had 10 spell levels left.
You didn't know any spells.

Dungeon Overview and Level Annotations

Branches:
Dungeon (10/15)            Temple (0/1) D:4            Lair (0/6) D:10
    Orc: D:9-12

Altars:
Elyvilon

Shops:
D:7 *   D:8 [   D:9 ?

Annotations:
D:6 2 runed doors


Innate Abilities, Weirdness & Mutations

You have a pair of antennae on your head.
You have claws for feet.
When hurt, damage is shared between your health and your magic reserves.
Your flesh is cold resistant. (rC+)
You have an increased reservoir of magic. (+10% MP)
You are resistant to hostile enchantments. (MR+)
You are robust. (+10% HP)


Message History

The deep troll barely misses you.
You slash the deep troll!
You feel better.
Your kick misses the deep troll.
The deep troll is heavily wounded.
The deep troll bites you! The deep troll claws you. x2
The deep troll bites you! The deep troll claws you. x2
You slash the deep troll!
You feel better.
The deep troll is heavily wounded.
The deep troll bites you. The deep troll claws you!
* * * LOW HITPOINT WARNING * * *
The deep troll claws you.
* * * LOW HITPOINT WARNING * * *
Your skin crawls.
You feel resistant to hostile enchantments.
You feel somewhat more hungry. The deep troll barely misses you. x2
The deep troll claws you!
* * * LOW HITPOINT WARNING * * *
You feel very mighty all of a sudden.
The deep troll bites you but does no damage.
The deep troll claws you!
You die...

##..
.................)####
....
.......T..###.....[...
.##
....###.#..##.########
># ..#
#T.............# ....
. ###..#..#.######.#
... #TT{.##.#.# #.#.#
#Y##)##.#.# #...^
#T##[##...####.#..
#@##.###........§#
#.##.# ..#..§§§.#
#.##.# ..#..§§..#
#.##.# >#...§§.#
#....# .........
###### .#######. { #.
###.##. ........


You could see a deep troll, a yak and 2 trolls.

Vanquished Creatures
  A skeletal warrior (D:6)
  A deep troll (D:10)
  Pikel (D:9)
  An ugly thing (D:9)
  Joseph (D:7)
  Psyche (D:8)
  A komodo dragon (D:6)
  2 polar bears (D:10)
  5 trolls
  2 hippogriffs (D:8)
  2 wyverns
  8 yaks
  A chaos spawn (Abyss:2)
  Grum (D:8)
  Duvessa (D:7)
  5 orc warriors
  3 phantoms
  A sky beast (D:10)
  A slave (D:9)
  8 ogres
  6 wolves
  A centaur (D:6)
  6 bullfrogs
  Dowan (D:7)
  5 water moccasin zombies (Ossuary)
  3 scorpions
  10 killer bees
  4 howler monkeys (D:7)
  2 electric eels (D:10)
  5 crimson imps
  A bullfrog zombie (D:9)
  2 jellies
  A wyvern simulacrum (D:10)
  2 bullfrog skeletons (D:8)
  A quasit (Abyss:2)
  A centaur skeleton (D:4)
  5 hounds
  10 orc priests
  5 orc wizards
  An iguana (D:9)
  Terence (D:3)
  5 worker ants
  3 big kobold zombies (Ossuary)
  2 hound zombies
  2 mummies (Ossuary)
  A worker ant zombie (D:7)
  Robin (D:2)
  3 gnolls (D:10)
  10 adders
  2 white imps (D:10)
  2 oozes
  5 adder zombies
  2 adder skeletons
  A worm (D:4)
  3 dart slugs (D:1)
  3 leopard geckos
  25 orcs
  4 giant cockroaches
  2 gnoll zombies (Ossuary)
  12 goblins
  11 hobgoblins
  16 jackals
  5 quokkas
  3 ball pythons
  10 bats
  9 frilled lizards
  3 hobgoblin zombies (Ossuary)
  5 kobolds
  3 kobold zombies (Ossuary)
  2 leopard gecko skeletons
  5 orc zombies (Ossuary)
  A quokka skeleton (D:5)
  5 rats
286 creatures vanquished.

Vanquished Creatures (others)
  A slave (D:9)
  An orc (D:9)
2 creatures vanquished.

Grand Total: 288 creatures vanquished

Notes
Turn   | Place    | Note
-------+----------+-------------------------------------------
     0 | D:1      | Gitz the Demonspawn Berserker began the quest for the Orb.
     0 | D:1      | Reached XP level 1. HP: 18/18 MP: 1/1
    52 | D:1      | Gained mutation: You have sharp toenails. [demonic ancestry]
    52 | D:1      | Reached XP level 2. HP: 16/24 MP: 2/2
   100 | D:1      | Reached skill level 3 in Axes
   473 | D:1      | Reached ** piety under Trog
   478 | D:1      | Gained mutation: When hurt, damage is shared between your health and your magic reserves. [demonic ancestry]
   478 | D:1      | Reached XP level 3. HP: 29/29 MP: 3/3
   721 | D:2      | Found a faded altar of an unknown god.
  1032 | D:2      | Reached XP level 4. HP: 37/37 MP: 4/4
  1122 | D:2      | Noticed Robin
  1140 | D:2      | Killed Robin
  1559 | D:3      | Reached *** piety under Trog
  1559 | D:3      | Reached skill level 4 in Axes
  1559 | D:3      | Reached XP level 5. HP: 31/42 MP: 3/5
  1710 | D:3      | Noticed Terence
  1724 | D:3      | Killed Terence
  2118 | D:4      | Gained mutation: You have a pair of small antennae on your head. [demonic ancestry]
  2118 | D:4      | Reached XP level 6. HP: 38/48 MP: 6/6
  2195 | D:4      | Reached skill level 5 in Axes
  2219 | D:4      | Found a staircase to the Ecumenical Temple.
  2334 | D:4      | Reached **** piety under Trog
  2434 | D:4      | Reached XP level 7. HP: 49/55 MP: 5/7
  2841 | D:4      | Found a white marble altar of Elyvilon.
  2909 | D:5      | Entered Level 5 of the Dungeon
  2924 | D:5      | Reached skill level 6 in Axes
  3357 | D:5      | Gained mutation: You expend magic power (3 MP) to strengthen your wands. [potion of mutation]
  3357 | D:5      | Gained mutation: You have razor-sharp toenails. [potion of mutation]
  3475 | D:5      | Gained mutation: You have a pair of antennae on your head. [demonic ancestry]
  3475 | D:5      | Reached XP level 8. HP: 54/61 MP: 6/8
  3587 | D:6      | Reached skill level 5 in Fighting
  3655 | D:6      | Reached skill level 7 in Axes
  3877 | D:6      | Found a sand-covered staircase.
  3882 | Ossuary  | Entered an ossuary
  3928 | Ossuary  | Reached skill level 5 in Armour
  3948 | Ossuary  | Reached ***** piety under Trog
  4048 | Ossuary  | Lost mutation: You expend magic power (3 MP) to strengthen your wands. [potion of mutation]
  4048 | Ossuary  | Lost mutation: You have razor-sharp toenails. [potion of mutation]
  4048 | Ossuary  | Gained mutation: Your flesh is cold resistant. (rC+) [potion of mutation]
  4048 | Ossuary  | Gained mutation: Your body sometimes deteriorates upon taking damage. [potion of mutation]
  4048 | Ossuary  | Gained mutation: You have sharp fingernails. [potion of mutation]
  4048 | Ossuary  | Gained mutation: You are robust. (+10% HP) [potion of mutation]
  4170 | D:6      | Found a large runed door.
  4170 | D:6      | Found a large runed door.
  4190 | D:6      | Found a large runed door.
  4190 | D:6      | Found a large runed door.
  4200 | D:6      | Noticed a skeletal warrior
  4215 | D:6      | Killed a skeletal warrior
  4215 | D:6      | Reached skill level 8 in Axes
  4215 | D:6      | Gained mutation: You have razor-sharp toenails. [demonic ancestry]
  4215 | D:6      | Reached XP level 9. HP: 39/75 MP: 4/9
  4259 | D:6      | Noticed a komodo dragon
  4262 | D:6      | Killed a komodo dragon
  4652 | D:7      | Noticed Duvessa
  4652 | D:7      | Noticed Dowan
  4652 | D:7      | Noticed Joseph
  4664 | D:7      | Killed Duvessa
  4664 | D:7      | Reached skill level 9 in Axes
  4669 | D:7      | Killed Dowan
  4674 | D:7      | Killed Joseph
  4800 | D:7      | Reached XP level 10. HP: 84/84 MP: 7/10
  5021 | D:7      | Found Ixozenk's Assorted Antiques.
  5033 | D:7      | Found a white marble altar of Elyvilon.
  5305 | D:8      | Noticed Grum
  5317 | D:8      | Reached skill level 10 in Axes
  5321 | D:8      | Killed Grum
  5321 | D:8      | Received a gift from Trog
  5335 | D:8      | Got a faintly glowing lajatang {god gift}
  5349 | D:8      | Identified the +6 lajatang "Muomir" {freeze, rElec rPois rF+ Dex+3} (Trog gifted it to you on level 8 of the Dungeon)
  5371 | D:8      | Noticed Psyche
  5375 | D:8      | Cast into level 2 of the Abyss (Psyche)
  5412 | Abyss:2  | Noticed a large abomination
  5416 | Abyss:2  | Noticed a rakshasa
  5433 | Abyss:2  | Noticed a spatial maelstrom
  5433 | Abyss:2  | Noticed a wretched star
  5434 | Abyss:2  | Noticed a spatial maelstrom
  5464 | D:8      | Escaped the Abyss
  5472 | D:8      | Killed Psyche
  5642 | D:8      | Found Miakung's Armour Boutique.
  5660 | D:8      | Got a crystal quarterstaff
  5672 | D:8      | Identified the +5 quarterstaff of Pokinit {flame, Int+3} (You found it on level 8 of the Dungeon)
  5775 | D:8      | Reached skill level 1 in Staves
  5816 | D:8      | You fall through a shaft!
  6026 | D:8      | Got a faintly glowing great sword
  6029 | D:8      | Identified the +6 great sword of Fedhas {vamp, rC+ Str+2} (You found it on level 8 of the Dungeon)
  6126 | D:9      | Found Ihoulul's Magic Scroll Shoppe.
  6131 | D:9      | Bought a scroll of enchant armour for 90 gold pieces
  6131 | D:9      | Bought a scroll of enchant armour for 90 gold pieces
  6131 | D:9      | Bought a scroll of enchant armour for 90 gold pieces
  6249 | D:9      | Noticed Pikel
  6256 | D:9      | Killed Pikel
  6256 | D:9      | Reached skill level 1 in Long Blades
  6267 | D:9      | Lost mutation: Your body sometimes deteriorates upon taking damage. [potion of mutation]
  6267 | D:9      | Lost mutation: You have sharp fingernails. [potion of mutation]
  6267 | D:9      | Gained mutation: You have an increased reservoir of magic. (+10% MP) [potion of mutation]
  6267 | D:9      | Gained mutation: You are resistant to hostile enchantments. (MR+) [potion of mutation]
  6517 | D:9      | Gained mutation: You have claws for feet. [demonic ancestry]
  6517 | D:9      | Reached XP level 11. HP: 92/92 MP: 9/12
  6538 | D:9      | Noticed a green ugly thing
  6557 | D:9      | Killed a green ugly thing
  6829 | D:10     | Entered Level 10 of the Dungeon
  6829 | D:10     | Found a staircase to the Lair.
  7216 | D:10     | Reached skill level 5 in Long Blades
  7311 | D:10     | Noticed a deep troll
  7360 | D:10     | Killed a deep troll
  7393 | D:10     | Noticed a deep troll
  7411 | D:10     | Slain by a deep troll

Skill      XL: |  1  2  3  4  5  6  7  8  9 10 11 |
---------------+----------------------------------+-----
Axes           | 3 4 5 6 8 9 10 | 10.3
Dodging        | 2 3 |  3.8
Armour         | 2 3 4 6 7 8 9 |  9.2
Fighting       | 4 5 6 7 |  7.9
Staves         | 3 |  3.3
Long Blades    | 3 6 |  6.1
Shields        | |  0.3

Action                   |  1- 3 |  4- 6 |  7- 9 | 10-12 || total
-------------------------+-------+-------+-------+-------++-------
Melee: Hand axe          |   100 |   169 |   245 |    68 ||   582
       Kick              |    19 |    43 |    76 |   102 ||   240
       Great sword       |       |       |       |   186 ||   186
       Lajatang          |       |       |       |    53 ||    53
Invok: Berserk           |     1 |     3 |     5 |     6 ||    15
       Burn Spellbooks   |       |     1 |     2 |     3 ||     6
       Trog's Hand       |       |       |     1 |     4 ||     5
  Use: Scroll            |     7 |       |     8 |       ||    15
       Potion            |       |       |     2 |     3 ||     5
 Stab: Sleeping          |     1 |       |       |       ||     1
  Eat: Chunk             |     1 |     8 |    11 |    12 ||    32
       Ration            |       |       |       |     3 ||     3
Armor: Animal skin       |    14 |       |       |       ||    14
       Scale mail        |    25 |    72 |     1 |       ||    98
       Chain mail        |       |       |    57 |       ||    57
       Plate armour      |       |       |    48 |   292 ||   340
Dodge: Dodged            |    79 |    91 |    71 |   199 ||   440
Block: Shield            |       |       |       |     7 ||     7
       Rpst.: Great sword |       |       |       |    42 ||    42
